[ AOE2 MATCH · #485135031 ]
UnrankedIncas vs Ethiopians
Player's team · LOSS
[ REPLAY ANALYSIS · EXTRACTED FROM THE RECORDED GAME ]
Feudal
—
Castle
—
Imperial
—
| APM avg | 32.0 |
| APM peak | 56 |
| eAPM avg | 20.4 |
| Villagers / military | 26 / 0 |
Focus
⚔️ 26.7% · 🌾 73.3%
Feudal
—
Castle
—
Imperial
—
| APM avg | 53.3 |
| APM peak | 78 |
| eAPM avg | 30.5 |
| Villagers / military | 27 / 2 |
Focus
⚔️ 42.8% · 🌾 57.2%
Militia ×2
Match map
Initial resources + every placement click. Lines = walls · curves = elevation contours. ◆ gold · ⬟ stone · ● berries · ✦ relic · ◌ wall gap
Your base
BigAl's base
Smoothed initial terrain · ◌ = detected wall gap · hover for details
Inputs per minute
— DS_Gitano Urbano - - BigAl
Build order — DS_Gitano Urbano
37 actions detected in the replay
| 0:00 | Create | Villager (Male) ×4 |
| 0:02 | Build | House |
| 0:04 | Build | House |
| 0:12 | Research | Loom |
| 0:13 | Create | Villager (Male) |
| 0:13 | Create | Villager (Male) |
| 0:29 | Create | Villager (Male) |
| 1:53 | Create | Villager (Male) |
| 1:56 | Build | Palisade Wall |
| 2:04 | Build | Palisade Wall |
| 2:11 | Build | Palisade Wall |
| 2:11 | Build | Palisade Wall |
| 2:12 | Build | Palisade Wall |
| 2:14 | Build | Palisade Wall |
| 2:50 | Build | Settlement |
| 2:51 | Create | Villager (Male) |
| 3:00 | Create | Villager (Male) |
| 3:01 | Create | Villager (Male) |
| 3:41 | Create | Villager (Male) |
| 3:55 | Create | Villager (Male) |
| 4:25 | Create | Villager (Male) |
| 4:52 | Create | Villager (Male) |
| 5:14 | Create | Villager (Male) |
| 5:40 | Create | Villager (Male) |
| 6:08 | Create | Villager (Male) |
| 6:08 | Create | Villager (Male) |
| 6:24 | Create | Villager (Male) |
| 6:57 | Create | Villager (Male) |
| 6:57 | Create | Villager (Male) |
| 6:57 | Create | Villager (Male) |
| 7:42 | Create | Villager (Male) |
| 7:42 | Create | Villager (Male) |
| 7:42 | Create | Villager (Male) |
| 8:33 | Build | Palisade Wall |
| 8:36 | Build | Palisade Wall |
| 8:37 | Build | Palisade Wall |
| 8:58 | Build | Town Center |
Build order — BigAl
44 actions detected in the replay
| 0:00 | Create | Villager (Male) |
| 0:00 | Create | Villager (Male) |
| 0:02 | Build | House |
| 0:02 | Build | House |
| 0:10 | Create | Villager (Male) |
| 0:12 | Create | Villager (Male) |
| 0:22 | Research | Loom |
| 0:23 | Create | Villager (Male) |
| 0:38 | Create | Villager (Male) |
| 1:06 | Build | Lumber Camp |
| 1:12 | Build | Palisade Wall |
| 2:11 | Create | Villager (Male) |
| 2:45 | Create | Villager (Male) |
| 3:14 | Create | Villager (Male) |
| 3:33 | Build | House |
| 3:44 | Create | Villager (Male) |
| 4:20 | Create | Villager (Male) |
| 4:40 | Create | Villager (Male) |
| 5:11 | Create | Villager (Male) |
| 5:32 | Create | Villager (Male) |
| 5:48 | Build | Barracks |
| 5:55 | Create | Villager (Male) |
| 5:55 | Create | Villager (Male) |
| 6:17 | Create | Villager (Male) |
| 6:18 | Create | Villager (Male) |
| 6:25 | Build | House |
| 7:14 | Build | Mining Camp |
| 7:35 | Create | Villager (Male) |
| 7:45 | Build | House |
| 7:52 | Build | House |
| 7:56 | Build | Palisade Wall |
| 7:57 | Build | Palisade Wall |
| 8:00 | Build | Palisade Wall |
| 8:06 | Create | Militia |
| 8:18 | Create | Villager (Male) |
| 8:28 | Create | Militia |
| 8:37 | Create | Villager (Male) |
| 9:03 | Create | Villager (Male) |
| 9:11 | Create | Villager (Male) |
| 9:20 | Create | Villager (Male) |
| 9:21 | Create | Villager (Male) |
| 9:25 | Build | Mining Camp |
| 10:00 | Create | Villager (Male) |
| 10:01 | Create | Villager (Male) |
Match timeline
| 1:12 | BigAl · wall_segment Palisade Wall x6 |
| 1:56 | DS_Gitano Urbano · wall_segment Palisade Wall x1 |
| 2:04 | DS_Gitano Urbano · wall_segment Palisade Wall x1 |
| 2:11 | DS_Gitano Urbano · wall_segment Palisade Wall x1 |
| 2:11 | DS_Gitano Urbano · wall_segment Palisade Wall x1 |
| 2:12 | DS_Gitano Urbano · wall_segment Palisade Wall x1 |
| 2:14 | DS_Gitano Urbano · wall_segment Palisade Wall x1 |
| 5:48 | BigAl · first_building Barracks |
| 7:56 | BigAl · wall_segment Palisade Wall x1 |
| 7:57 | BigAl · wall_segment Palisade Wall x1 |
| 8:00 | BigAl · wall_segment Palisade Wall x1 |
| 8:33 | DS_Gitano Urbano · wall_segment Palisade Wall x1 |
| 8:36 | DS_Gitano Urbano · wall_segment Palisade Wall x1 |
| 8:37 | DS_Gitano Urbano · wall_segment Palisade Wall x1 |
| 10:17 | DS_Gitano Urbano · resign |
[ AI ANALYSIS · 1 CREDIT ]
What really happened in this match?
Wolo.gg analyzes every decision: build order, eco, micro, common mistakes by bracket. Personalized analysis on WhatsApp or Discord in 30 seconds.
Civ guide
Incas
Perfil
Jugador #352739